 Dungeon Crawl Stone Soup version 0.17-a0-1554-g3b847ca (webtiles) character file.

1442 crwl the Geomancer (level 8, -1/62 HPs)
             Began as a Deep Dwarf Earth Elementalist on July 19, 2015.
             Was a Follower of Vehumet.
             Slain by Gorice's ghost (4 damage)
             ... in an ossuary.
             The game lasted 00:14:42 (4307 turns).

crwl the Geomancer (Deep Dwarf Earth Elementalist)  Turns: 4307, Time: 00:14:42

Health: -1/62      AC:  9    Str:  8 (12) XL:     8   Next: 46%
Magic:  3/16       EV: 12    Int: 23      God:    Vehumet [*.....]
Gold:   205        SH:  5    Dex: 13      Spells: 2 memorised, 14 levels left

rFire  . . .     SeeInvis .     b - staff of earth
rCold  . . .     Clarity  .     A - +2 robe {MR+}
rNeg   . . .     SustAt   .     f - +0 buckler
rPois  .         Gourm    .     F - +0 helmet
rElec  .         Spirit   .     o - +2 cloak
rCorr  .         Warding  .     z - +0 pair of gloves
rMut   .         Stasis   .     (no boots)
MR     ++...                    (no amulet)
Stlth  ++........               (no ring)
                                (no ring)

@: brilliant, lethally poisoned (-1 -> -1), very slightly contaminated,
non-regenerating, invisible, very resistant to hostile enchantments, unstealthy
A: damage resistance, recharge devices, sense surroundings 1, slow healing 3
a: Device Recharging, Renounce Religion


You were in an ossuary.
You worshipped Vehumet.
Vehumet was aware of your devotion.
You were not hungry.

You visited 2 branches of the dungeon, and saw 7 of its levels.
You also visited: Ossuary.

You collected 221 gold pieces.
You spent 16 gold pieces at shops.

Inventory:

Missiles
 a - 60 stones (quivered)
Armour
 f - a +0 buckler (worn)
 o - a +2 cloak (worn)
 t - a +2 large shield
 z - a +0 pair of gloves (worn)
 A - a +2 robe of magic resistance (worn)
 D - a +0 cloak of poison resistance
 F - a +0 helmet (worn)
Magical staves
 b - an uncursed staff of earth (weapon)
Magical devices
 d - a wand of heal wounds (2)
 h - a wand of frost (19)
 H - a wand of fire (8)
Scrolls
 n - 5 scrolls of identify
 p - 2 scrolls of magic mapping
 q - 2 scrolls of enchant weapon
 x - 2 scrolls of amnesia
 J - a scroll of remove curse
Potions
 j - 2 potions of heal wounds
 m - 3 potions of curing
 u - 2 potions of flight {unknown}
 w - a potion of resistance {unknown}
 C - a potion of agility {unknown}
Books
 c - a book of Geomancy

   Spells                             Type                      Level
   a - Sandblast                      Earth                        1
   b - Stoneskin                      Transmutation/Earth          2
   c - Passwall                       Transmutation/Earth          3
   d - Stone Arrow                    Conjuration/Earth            3
   e - Petrify                        Transmutation/Earth          4
   f - Lee's Rapid Deconstruction     Earth                        5
Comestibles
 e - 5 bread rations
 i - 4 meat rations
 l - 4 fruits
 s - 2 beef jerkies
 v - a slice of pizza
 E - a chunk of flesh


   Skills:
 - Level 2.3 Dodging
 - Level 2.5 Stealth
 + Level 4.4 Shields
 - Level 5.9 Spellcasting
 - Level 3.2 Conjurations
   Level 0.8 Transmutations
 - Level 8.1 Earth Magic


You had 14 spell levels left.
You knew the following spells:

 Your Spells              Type           Power        Failure   Level  Hunger
a - Sandblast             Erth           ######       1%          1    None
b - Stone Arrow           Conj/Erth      ######       1%          3    #......


Dungeon Overview and Level Annotations

Branches:
Dungeon (6/15)             Temple (1/1) D:4

Altars:
Ashenzari
Cheibriados
Elyvilon
Gozag
Nemelex Xobeh
Okawaru
Qazlal
Ru
Sif Muna
Trog
Vehumet
Xom
Yredelemnul
Zin

Shops:
D:4 [

Annotations:
Ossuary Gorice's ghost, experienced TeWn


Innate Abilities, Weirdness & Mutations

You are resistant to damage.
You can recharge devices by infusing magical energy.
You passively map a small area around you.
You do not heal naturally.


Message History

Gorice's ghost freezes you!
Drink which item? (? for menu, Esc to quit)
It was a potion of brilliance.
You feel clever all of a sudden. Gorice's ghost completely misses you.
Wield which item (- for none, * to show all)? (? for menu, Esc to quit)
Okay, then.
Drink which item? (? for menu, Esc to quit)
It was a potion of curing.
You feel better. You block Gorice's ghost's attack.
Drink which item? (? for menu, Esc to quit)
It was a potion of poison.
That liquid tasted very nasty...
You are poisoned.
Gorice's ghost hits you!! Gorice's ghost freezes you.
Drink which item? (? for menu, Esc to quit)
It was a potion of invisibility.
You fade into invisibility!
Gorice's ghost hits you!!
* * * LOW HITPOINT WARNING * * *
Gorice's ghost freezes you.
You die...

#..#*
#..#
#..# ,
#..# *
, ,
#..##
#..## ,
#..##
,*
,##W.##
* ,
##@.##
* * * *
##..##
, ,,
##..##
** *
##..##
, , ,
##∩∩# *
*
**####


You could see Gorice's ghost.

Vanquished Creatures
  The ghost of urechis the Cudgeler, an average OgGl (D:4)
  A hungry ghost (D:4)
  An orc warrior (D:6)
  A black bear (D:6)
  A centaur (D:5)
  A scorpion (D:5)
  4 killer bees (D:5)
  A crimson imp (D:6)
  2 orc priests
  3 orc wizards
  A giant frog skeleton (D:6)
  Crazy Yiuf (D:5)
  A centaur skeleton (D:4)
  2 hounds (D:4)
  3 worker ants
  2 iguanas
  4 gnolls (D:3)
  A shadow imp (D:6)
  4 adders
  2 oozes (D:2)
  An adder skeleton (D:4)
  3 worms
  A giant gecko (D:2)
  18 orcs
  11 bats
  4 giant cockroaches
  2 gnoll skeletons (Ossuary)
  7 goblins
  9 hobgoblins
  6 jackals
  8 kobolds
  2 ball pythons
  4 giant newts
  A goblin zombie (D:6)
  A hobgoblin zombie (Ossuary)
  A kobold skeleton (Ossuary)
  An orc zombie (Ossuary)
  A quokka skeleton (D:4)
  10 rats
128 creatures vanquished.

Notes
Turn   | Place    | Note
--------------------------------------------------------------
     0 | D:1      | crwl the Deep Dwarf Earth Elementalist began the quest for the Orb.
     0 | D:1      | Reached XP level 1. HP: 15/15 MP: 3/3
   185 | D:1      | Reached XP level 2. HP: 19/22 MP: 1/4
   885 | D:1      | Reached skill level 5 in Earth Magic
   891 | D:2      | Reached XP level 3. HP: 25/28 MP: 0/6
  1389 | D:2      | Found a deep blue altar of Sif Muna.
  1389 | D:2      | Found a shimmering altar of Xom.
  1391 | D:2      | Found a snail-covered altar of Cheibriados.
  1418 | D:2      | Found an iron altar of Okawaru.
  1466 | D:3      | Reached skill level 6 in Earth Magic
  1576 | D:3      | Reached XP level 4. HP: 32/36 MP: 3/7
  1796 | D:3      | Reached skill level 7 in Earth Magic
  1950 | D:3      | Found a stormy altar of Qazlal.
  2013 | D:3      | Reached XP level 5. HP: 35/42 MP: 2/8
  2397 | D:4      | Reached skill level 8 in Earth Magic
  2400 | D:4      | Found Kibishu's Antique Armour Shoppe.
  2432 | D:4      | Bought a runed robe for 16 gold pieces
  2715 | D:4      | Reached XP level 6. HP: 40/49 MP: 6/10
  2756 | D:4      | Found a staircase to the Ecumenical Temple.
  2767 | Temple   | Entered the Ecumenical Temple
  2787 | Temple   | Became a worshipper of Vehumet
  2887 | D:4      | Found a sparkling altar of Nemelex Xobeh.
  2888 | D:4      | Noticed a hungry ghost
  2901 | D:4      | Killed a hungry ghost
  3017 | D:4      | Noticed urechis's ghost (average OgGl)
  3025 | D:4      | Killed urechis's ghost
  3025 | D:4      | Reached skill level 5 in Spellcasting
  3025 | D:4      | Reached XP level 7. HP: 6/55 MP: 6/14
  3069 | D:4      | Learned a level 3 spell: Stone Arrow
  3163 | D:5      | Entered Level 5 of the Dungeon
  3298 | D:5      | Reached skill level 1 in Conjurations
  3420 | D:5      | Noticed Crazy Yiuf
  3423 | D:5      | Killed Crazy Yiuf
  3707 | D:5      | Reached XP level 8. HP: 33/62 MP: 8/16
  3725 | D:5      | Acquired Vehumet's first power
  3725 | D:5      | Offered knowledge of Shock by Vehumet.
  3935 | D:5      | Reached skill level 1 in Shields
  4084 | D:6      | Found an opulent altar of Gozag.
  4275 | D:6      | Found a sand-covered staircase.
  4283 | Ossuary  | Entered an ossuary
  4296 | Ossuary  | Noticed Gorice's ghost (experienced TeWn)
  4307 | Ossuary  | HP: 3/62 [Gorice's ghost (20)]
  4307 | Ossuary  | Slain by Gorice's ghost

Vault maps used:
D:1:      scummos_arrival_checkerplants, glass_columns_c
D:2:      nicolae_overflow_quartered_altars
D:3:      first_bread, grunt_qazlal_sundering
D:4:      nemelex_deck, minmay_temple_entry_purple_smoke, serial_shops, shop,
          saegor_snake_ambush
D:5:      uniq_crazy_yiuf_cottage
D:6:      kennysheep_little_box, enter_ossuary_3
Temple:   minmay_temple_bridge_a_8
Ossuary:  ossuary_due_pyramid

Action                   |  1- 3 |  4- 6 |  7- 9 || total
-------------------------+-------+-------+-------++-------
Melee: Unarmed           |     5 |       |       ||     5
       Staff             |       |       |    12 ||    12
 Cast: Sandblast         |    62 |    82 |    62 ||   206
       Stone Arrow       |       |       |    22 ||    22
Evoke: Wand              |     1 |       |     5 ||     6
       Deck              |       |     8 |       ||     8
  Use: Scroll            |       |     4 |     7 ||    11
       Potion            |       |       |     6 ||     6
  Eat: Chunk             |     3 |     5 |     6 ||    14
